 Dungeon Crawl Stone Soup version 0.31-a0-507-gbafd7f5274 (webtiles) character file.

Game seed: 1154270424784627427

147 randomguy2701 the Grave Robber (level 5, 4/28 HPs)
             Began as a Deep Elf Necromancer on Aug 9, 2023.
             Quit the game on level 5 of the Dungeon.
             The game lasted 00:03:57 (2708 turns).

randomguy2701 the Grave Robber (DENe)               Turns: 2708, Time: 00:03:58

Health: 4/28       AC:  3    Str:  5    XL:     5   Next: 7%
Magic:  10/14      EV: 13    Int: 22    God:
Gold:   104        SH:  0    Dex: 15    Spells: 12/13 levels left

rFire   . . .        m - staff of air
rCold   . . .        (no shield)
rNeg    . . .        a - +0 robe
rPois   .            j - +0 helmet
rElec   +            (no cloak)
rCorr   .            (no gloves)
SInv    .            (no boots)
Will    .....        (no amulet)
Stlth   ++           l - ring of wizardry
HPRegen 0.24/turn    (no ring)
MPRegen 0.14/turn

%: wizardry (x1)
@: lethally poisoned (4 -> -2)
A: no striking features
a: no special abilities


You were on level 5 of the Dungeon.
You visited 1 branch of the dungeon, and saw 5 of its levels.

You collected 104 gold pieces.

Inventory:

Armour
 a - a +0 robe (worn)
 j - a +0 helmet (worn)
Magical Staves
 m - a staff of air (weapon)
Jewellery
 l - a ring of wizardry (left hand)
Scrolls
 c - 2 scrolls of identify {unknown}
 d - a scroll of enchant weapon {unknown}
 g - a scroll of butterflies {unknown}
 n - a scroll of torment {unknown}
 o - 3 scrolls of noise {unknown}
Potions
 b - a potion of magic
 e - a potion of cancellation {unknown}
 h - a potion of lignification {unknown}
 i - a potion of mutation {unknown}
 k - a potion of attraction {unknown}


   Skills:
 + Level 2.9 Dodging
 + Level 3.0 Stealth
 + Level 4.9 Spellcasting
 + Level 6.3 Necromancy


You had 12 spell levels left.
You knew the following spells:

 Your Spells              Type           Power      Damage    Failure   Level
a - Necrotise             Necr           100%       1d9       1%          1

Your spell library contained the following spells:

 Spells                   Type           Power      Damage    Failure   Level
 Vampiric Draining        Necr           33%        2d8       1%          3
 Animate Dead             Necr           33%        N/A       3%          4
 Ensorcelled Hibernation  Hex/Ice        10%        N/A       6%          2
 Agony                    Necr           33%        N/A       9%          5
 Anguish                  Hex/Necr       9%         N/A       11%         4


Dungeon Overview and Level Annotations

Branches:
Dungeon (5/15)
 Temple: D:4-7

Altars:


Message History

You can't see any susceptible monsters within range! (Use Z to cast anyway.)
You see here a worm corpse.
You see here a +1 flail of holy wrath.
A phantom is nearby!
A phantom is nearby!
There is a stone staircase leading down here.
You climb downwards.
Found a sharpened wooden wand, a ruby potion and a ring mail.
There is a stone staircase leading up here.
Found a sling.
The gnoll shouts! x2; You hear a bark!
You hear an angry hiss.
The gnoll closely misses you.
A water moccasin comes into view.
A hound comes into view.
The gnoll writhes in agony!
The gnoll barely misses you.
The gnoll writhes in agony.
The gnoll misses you. The hound bites you but does no damage.
The gnoll misses you.
The hound writhes in agony.
The hound bites you.
The gnoll hits you from afar with a +0 spear. x2
The hound writhes in agony!
The hound closely misses you. The water moccasin bites you!
You are poisoned.
The water moccasin poisons you! The gnoll barely misses you.
The hound completely misses you.
The gnoll hits you from afar with a +0 spear.
You are too injured to fight recklessly!
You are too injured to fight recklessly!
Unknown command.
You feel much better.
You feel very sick. The water moccasin misses you.
The hound bites you but does no damage.
The gnoll hits you from afar with a +0 spear!
The water moccasin closely misses you.
The gnoll hits you from afar with a +0 spear.
You feel sick. The water moccasin bites you.
* * * LOW HITPOINT WARNING * * *
The hound bites you.
* * * LOW HITPOINT WARNING * * *
Unknown command.
Are you sure you want to abandon this character and quit the game? (Confirm with "yes".)

... ..# ..####
##.....##
#........
#........
#........
#@S......
#h###..## ..#
####g#.#...
.....#<#ghg....)S
....../......###..
.....h.....!.#
...[.....#......
.....##..#...#...
..... ##.....#...


You could see a water moccasin, a black bear, a hound and 3 gnolls.

Vanquished Creatures
  5 gnolls
  4 adders
  An ufetubus (D:3)
  A worm (D:4)
  2 dart slugs (D:1)
  3 ball pythons
  8 bats
  8 endoplasms
  A giant cockroach (D:2)
  3 goblins (D:2)
  A hobgoblin (D:1)
  3 quokkas
  4 frilled lizards
  5 kobolds
  4 rats
53 creatures vanquished.

Vanquished Creatures (collateral kills)
  A bat (D:2)
1 creature vanquished.

Grand Total: 54 creatures vanquished

Notes
Turn   | Place    | Note
-------+----------+-------------------------------------------
     0 | D:1      | randomguy2701 the Deep Elf Necromancer began the quest for
                  | the Orb.
     0 | D:1      | Reached XP level 1. HP: 10/10 MP: 6/6
    32 | D:1      | Reached skill level 5 in Necromancy
    32 | D:1      | Reached XP level 2. HP: 15/15 MP: 2/8
   366 | D:1      | Reached XP level 3. HP: 19/19 MP: 6/10
  1418 | D:2      | Identified the +9 mace of the Poles {elec, +Blink Will+++
                  | Dex-4 SInv}
  1669 | D:2      | Reached XP level 4. HP: 24/24 MP: 10/12
  1838 | D:3      | Reached skill level 6 in Necromancy
  2512 | D:4      | Noticed a phantom
  2563 | D:4      | Reached XP level 5. HP: 14/28 MP: 3/14
  2697 | D:5      | Entered Level 5 of the Dungeon
  2697 | D:5      | Noticed a black bear
  2700 | D:5      | Noticed a water moccasin
  2708 | D:5      | Quit the game

Illustrated notes

Levels and vault maps discovered:
D:1:      dpeg_arrival_connections, layout_basic
D:2:      layout_loops_cross, serial_bayou_pond_d, grunt_ministairs_6,
          kennysheep_doodads
D:3:      layout_loops_ring
D:4:      layout_loops_ring, nicolae_tso_swordbearing_angel,
          uniq_crazy_yiuf_cottage
D:5:      layout_cave_pools, minmay_temple_entry_glass,
          ebering_ghost_reflecting_pool

Skill      XL: |  1  2  3  4 |
---------------+-------------+-----
Necromancy     | 5 6 |  6.3
Spellcasting   | 4 |  4.9
Stealth        | 3 |  3.0
Dodging        | |  2.9

Action                     |  1- 3 |  4- 6 || total
---------------------------+-------+-------++-------
  Melee: Unarmed           |     3 |     1 ||     4
         Staff             |       |     4 ||     4
   Cast: Necrotise         |    62 |    44 ||   106
    Use: Potion            |       |     2 ||     2
 Armour: Robe              |     8 |    12 ||    20
  Dodge: Dodged            |    23 |    48 ||    71

Table legend: (Time is in decaauts)
 A = Elapsed time spent in this place.
 B = Non-inter-level travel time spent in this place.
 C = Inter-level travel time spent in this place.
 D = Time resting spent in this place.
 E = Time spent auto-exploring this place.
 F = Levels seen in this place.
 G = Mean time per level.
                   A        B        C        D        E       F      G
               +--------+--------+--------+--------+--------+-----+--------+
         Total |   2706 |   2686 |     20 |      0 |   2319 |   5 |  541.2 |
       Dungeon |   2706 |   2686 |     20 |      0 |   2319 |   5 |  541.2 |
               +--------+--------+--------+--------+--------+-----+--------+

Top non-repeatable levels by time:
     D:2: 862 daAuts
     D:1: 829 daAuts
     D:3: 743 daAuts
     D:4: 261 daAuts
     D:5: 10 daAuts
